 Dungeon Crawl Stone Soup version 0.28-a0-683-ga8797d1ae1 (webtiles) character file.

Game seed: 10226781341675696748

28 pokeman the Magician (level 2, -3/16 HPs)
             Began as a Deep Elf Hedge Wizard on Oct 18, 2021.
             Killed from afar by Terence (11 damage)
             ... with a puff of flame
             ... on level 2 of the Dungeon.
             The game lasted 00:01:59 (2305 turns).

pokeman the Magician (Deep Elf Hedge Wizard)        Turns: 2305, Time: 00:02:00

Health: -3/16      AC:  4    Str:  7    XL:     2   Next: 96%
Magic:  19/19      EV: 11    Int: 18    God:
Gold:   28         SH:  0    Dex: 14    Spells: 10/11 levels left

rFire   . . .      SeeInvis .   n - +2 dagger (drain)
rCold   . . .      Faith    .   (no shield)
rNeg    . . .      Spirit   .   h - +0 leather armour
rPois   +          Reflect  .   c - +0 hat
rElec   .          Harm     .   b - +0 cloak
rCorr   .          Rampage  .   (no gloves)
Will    .....                   (no boots)
Stlth   ++........              (no amulet)
HPRegen 0.05/turn               o - ring of magical power
MPRegen 0.16/turn               i - ring of poison resistance

@: no status effects
A: no striking features
a: no special abilities


You were on level 2 of the Dungeon.
You visited 1 branch of the dungeon, and saw 2 of its levels.

You collected 28 gold pieces.

Inventory:

Hand Weapons
 n - a +2 dagger of draining (weapon)
Missiles
 k - 27 arrows
Armour
 b - a +0 cloak (worn)
 c - a +0 hat (worn)
 h - a +0 leather armour (worn)
Jewellery
 a - a ring of protection from fire
 i - a ring of poison resistance (right hand)
 o - a ring of magical power (left hand)
Scrolls
 e - a scroll of silence {unknown}
 f - 2 scrolls of enchant armour {unknown}
 l - a scroll of amnesia {unknown}
 m - a scroll of teleportation {unknown}
Potions
 d - a potion of berserk rage {unknown}
 j - a potion of haste {unknown}


   Skills:
 + Level 0.7 Fighting
 + Level 0.7 Armour
 - Level 2.4 Dodging
 - Level 2.4 Stealth
 * Level 5.0 Spellcasting
 + Level 1.7 Conjurations
 - Level 1.1 Summonings
 - Level 1.1 Translocations


You had 10 spell levels left.
You knew the following spells:

 Your Spells              Type           Power      Damage    Failure   Level
a - Magic Dart            Conj           40%        1d5       10%         1

Your spell library contained the following spells:

 Spells                   Type           Power      Damage    Failure   Level
 Blink                    Tloc           N/A        N/A       19%         2
 Call Imp                 Summ           8%         N/A       19%         2
 Slow                     Hex            4%         N/A       28%         2
 Conjure Flame            Conj/Fire      7%         6-21      38%         3
 Mephitic Cloud           Conj/Pois/Air  6%         N/A       41%         3


Dungeon Overview and Level Annotations

Branches:
Dungeon (2/15)

Altars:

Shops:
D:2 !

Annotations:
D:2 Terence


Message History

Your magical contamination has completely faded away.
There is an open door here.
You open the door.
A goblin comes into view. It is wielding a +2 dagger of draining.
There is an open door here.
Casting: Magic Dart (safe; 10% risk of failure)
Confirm with . or Enter, or press ? or * to list all spells.
Aiming: Magic Dart (safe; 10% risk of failure)
Press: ? - help, Shift-Dir - straight line, f - goblin
Aim: a goblin, wielding a +2 dagger of draining (asleep, 100% to hit)
The magic dart hits the goblin.
You kill the goblin!
Found a glass ring.
Found 11 poisoned darts.
You see here a +2 dagger of draining.
n - a +2 dagger of draining
o - a ring of magical power You're wearing all the rings you can.
Remove which one? (? for menu, Esc to cancel) < or
a - a ring of protection from fire; > or
i - a ring of poison resistance You remove your ring of protection from fire.
You feel your magic capacity increase.
o - a ring of magical power (left hand)
You sense an unholy aura.
n - a +2 dagger of draining (weapon)
Drop what? 15/52 slots (_ for help) (? for menu, Esc to quit)
You drop a +3 short sword.
There is an open door here.
Terence the Incautious comes into view.
He is wielding a +0 flail and carrying a wand of flame (12).
Terence shouts!
Terence zaps a wand.
The puff of flame hits you!
Ouch! That really hurt!
Casting: Magic Dart (safe; 10% risk of failure)
Confirm with . or Enter, or press ? or * to list all spells.
You don't know that spell.
Terence is nearby!
Unknown command.
Terence zaps a wand.
The puff of flame hits you!
Ouch! That really hurt!
You die...

†.# #.#.#.##'#.##+#.##+#.# ###
#.#.#..).............. ..#
#.#.#.##'#.##+#.##'#.# #.#
#.#.#.#..#.#..#.#..#.# #.#
#.#.#.#8.#.#..'.'..#.#
#.##########.#.#.####.####.####.#
#............#.#.................
##############.##################
................@.#
##############.##.# ##........#.#
#.....##..#.# #.....##..#@#
#.....##..#.# #### #.....##..#.#
...# ##'#####..#.# ##.#####†###
#..#.#


You could see Terence.

Vanquished Creatures
  A dart slug (D:2)
  3 bats
  An endoplasm (D:2)
  A giant cockroach (D:1)
  2 goblins (D:2)
  A hobgoblin (D:2)
  A quokka (D:2)
  5 ball pythons
  2 frilled lizards (D:2)
  4 kobolds
  4 rats
25 creatures vanquished.

Notes
Turn   | Place    | Note
-------+----------+-------------------------------------------
     0 | D:1      | pokeman the Deep Elf Hedge Wizard began the quest for the
                  | Orb.
     0 | D:1      | Reached XP level 1. HP: 10/10 MP: 7/7
   361 | D:1      | Found a faded altar of an unknown god.
   579 | D:1      | Reached XP level 2. HP: 16/16 MP: 6/9
  1816 | D:2      | Reached skill level 5 in Spellcasting
  2015 | D:2      | Found Igaami Acurgh's Distillery.
  2298 | D:2      | Noticed Terence
  2305 | D:2      | Killed from afar by Terence

Illustrated notes

Levels and vault maps discovered:
D:1:      amcnicky_arrival_blooded_trapdoor, layout_basic,
          shapermc_ecumenical_altar_totnotflames
D:2:      minmay_door_path, layout_basic, serial_shops, shop, uniq_terence

Skill      XL: |  1  2 |
---------------+-------+-----
Spellcasting   | 5 |  5.0
Fighting       | |  0.7
Armour         | |  0.7
Dodging        | |  2.4
Stealth        | |  2.4
Conjurations   | |  1.7
Summonings     | |  1.1
Translocations | |  1.1

Action                   || total
-------------------------++-------
Melee: Dagger            ||     9
 Cast: Magic Dart        ||    53
Armor: Robe              ||     5
Dodge: Dodged            ||    14

Table legend: (Time is in decaauts)
 A = Elapsed time spent in this place.
 B = Non-inter-level travel time spent in this place.
 C = Inter-level travel time spent in this place.
 D = Time resting spent in this place.
 E = Time spent auto-exploring this place.
 F = Levels seen in this place.
 G = Mean time per level.
                   A        B        C        D        E       F      G
               +--------+--------+--------+--------+--------+-----+--------+
         Total |   2301 |   2277 |     24 |      0 |   2098 |   2 | 1150.5 |
       Dungeon |   2301 |   2277 |     24 |      0 |   2098 |   2 | 1150.5 |
               +--------+--------+--------+--------+--------+-----+--------+

Top non-repeatable levels by time:
     D:1: 1315 daAuts
     D:2: 986 daAuts
